 Dungeon Crawl Stone Soup version 0.26.0-57-g60708a5e39 (webtiles) character file.

Game seed: 15809013965180600883

331 Gadfly the Unbeliever (level 6, -8/59 HPs)
             Began as an Ogre Gladiator on Feb 2, 2021.
             Mangled by an ogre
             ... wielding a +0 giant club
              (31 damage)
             ... on level 4 of the Dungeon.
             The game lasted 00:05:58 (4876 turns).

Gadfly the Unbeliever (Ogre Gladiator)              Turns: 4876, Time: 00:05:59

Health: -8/59      AC:  4    Str: 21    XL:     6   Next: 52%
Magic:  8/8        EV: 14    Int:  9    God:
Gold:   249        SH:  0    Dex: 10    Spells: 5/5 levels left

rFire    . . .     SeeInvis .   b - +0 dagger (venom)
rCold    . . .     Faith    .   (no shield)
rNeg     . . .     Spirit   .   l - +0 robe
rPois    .         Reflect  .   c - +1 hat
rElec    .         Harm     .   (no cloak)
rCorr    +         Rampage  .   (gloves unavailable)
Will     .....                  (boots unavailable)
Stlth    +.........             (no amulet)
HPRegen  0.19/turn              e - ring of resist corrosion
MPRegen  0.11/turn              o - +4 ring of evasion

@: no status effects
A: large, unfitting armour, tough skin 1
a: no special abilities


You were on level 4 of the Dungeon.
You visited 1 branch of the dungeon, and saw 4 of its levels.

You collected 249 gold pieces.

Inventory:

Hand Weapons
 a - a +0 flail
 b - a +0 dagger of venom (weapon)
 i - a +2 vorpal hand axe
 p - a +0 morningstar
 q - a +0 dire flail
Missiles
 d - 3 throwing nets
 f - 2 silver boomerangs
 m - 3 boomerangs (quivered)
Armour
 c - a +1 hat (worn)
 l - a +0 robe (worn)
Jewellery
 e - a ring of resist corrosion (left hand)
 o - a +4 ring of evasion (right hand)
Wands
 k - a wand of random effects (14)
Scrolls
 n - 2 scrolls of teleportation
 r - a scroll of remove curse
Potions
 g - 2 potions of curing
 h - a potion of heal wounds
 j - a potion of flight


   Skills:
 - Level 2.6 Fighting
 + Level 3.2 Maces & Flails
 + Level 2.9 Throwing
 * Level 2.3 Armour
 - Level 2.6 Dodging
 * Level 3.4 Invocations
 * Level 2.3 Evocations


You had 5 spell levels left.
You didn't know any spells.
Your spell library was empty.

Dungeon Overview and Level Annotations

Branches:
Dungeon (4/15)
 Temple: D:4-7

Altars:
Fedhas
Nemelex Xobeh
Ru
Trog


Innate Abilities, Weirdness & Mutations

You are too large for most types of armour.
You have tough skin. (AC +1)


Message History

You open the door.
There is an open door here.
An ogre comes into view. It is wielding a +0 giant club.
The ogre shouts!
An ogre is nearby!
The ogre hits you with a +0 giant club!
You hit the ogre but do no damage. The ogre barely misses you.
You hit the ogre.
The ogre is poisoned.
The ogre is lightly wounded.
You hit the ogre.
The ogre looks as sick as possible!
The ogre is moderately wounded.
The ogre hits you with a +0 giant club!!
You are too injured to fight recklessly!
You are too injured to fight recklessly!
You are too injured to fight recklessly!
You barely miss the ogre.
The ogre is heavily wounded.
The ogre hits you with a +0 giant club!!
Ouch! That really hurt!
You die...

## .. #. #. #.
#####.###
#.....O.#
#.....@.#
###.......#######
.................
##.......######
#.......#
#.......#
####.#### #+ #.#
#.###########.#


You could see an ogre (extremely poisoned).

Vanquished Creatures
  2 hounds
  2 orc priests
  A centaur skeleton (D:4)
  An orc wizard (D:3)
  5 adders
  An ooze (D:1)
  4 worms
  A dart slug (D:1)
  11 orcs
  9 bats
  9 giant cockroaches
  4 hobgoblins
  10 jackals
  6 kobolds
  3 quokkas
  3 frilled lizards
  9 goblins
  9 rats
90 creatures vanquished.

Notes
Turn   | Place    | Note
-------+----------+-------------------------------------------
     0 | D:1      | Gadfly the Ogre Gladiator began the quest for the Orb.
     0 | D:1      | Reached XP level 1. HP: 22/22 MP: 1/1
   294 | D:1      | Reached XP level 2. HP: 28/29 MP: 2/2
   643 | D:1      | Reached skill level 1 in Invocations
   731 | D:1      | Reached skill level 1 in Armour
   802 | D:1      | Reached XP level 3. HP: 36/36 MP: 3/3
  1150 | D:2      | Reached skill level 1 in Evocations
  1243 | D:2      | Reached XP level 4. HP: 27/44 MP: 5/5
  1364 | D:2      | Found a sacrificial altar of Ru.
  1364 | D:2      | Found a sparkling altar of Nemelex Xobeh.
  1364 | D:2      | Found a bloodstained altar of Trog.
  1365 | D:2      | Found a blossoming altar of Fedhas.
  1471 | D:2      | Found a faded altar of an unknown god.
  2223 | D:2      | Reached XP level 5. HP: 50/50 MP: 6/6
  3770 | D:3      | Reached XP level 6. HP: 59/59 MP: 8/8
  4876 | D:4      | Mangled by an ogre

Illustrated notes

Levels and vault maps discovered:
D:1:      dpeg_arrival_prison, layout_loops_cross
D:2:      layout_loops_ring, chequers_temple_overflow_statue_of_worship,
          chequers_ecumenical_altar_simple
D:3:      minmay_chambers_of_twos, layout_basic
D:4:      layout_loops_corners, gammafunk_temple_overflow_statue,
          minmay_hedge_maze

Skill      XL: |  1  2  3  4  5 |
---------------+----------------+-----
Invocations    | 1 2 3 |  3.4
Armour         | 1 2 |  2.3
Evocations     | 1 2 |  2.3
Maces & Flails | 3 |  3.2
Fighting       | |  2.6
Throwing       | |  2.9
Dodging        | |  2.6

Action                   |  1- 3 |  4- 6 || total
-------------------------+-------+-------++-------
Melee: Flail             |    81 |   129 ||   210
       Morningstar       |       |    24 ||    24
       Dagger            |       |    50 ||    50
       Dire flail        |       |    13 ||    13
       Hand axe          |       |    13 ||    13
Throw: Boomerang         |     2 |       ||     2
  Use: Scroll            |     5 |     5 ||    10
 Stab: Sleeping          |     2 |     1 ||     3
Armor: Robe              |    39 |    70 ||   109
Dodge: Dodged            |    65 |   169 ||   234
